 Dungeon Crawl Stone Soup version 0.29.0-4-gdea44cf6ec (webtiles) character file.

Game seed: 7337438941929461598

7926 Pemander008 the Thaumaturge (level 11, -1/76 HPs)
             Began as a Djinni Fire Elementalist on Aug 26, 2022.
             Was a Believer of Makhleb.
             Killed from afar by an electric eel (13 damage)
             ... with a bolt of electricity
             ... on level 10 of the Dungeon.
             The game lasted 00:26:09 (14997 turns).

Pemander008 the Thaumaturge (DjFE)                 Turns: 14997, Time: 00:26:09

Health: -1/76      AC:  7    Str:  7    XL:     11   Next: 46%
Gold:   214        EV: 15    Int: 21    God:    Makhleb [**....] SH:  0 Dex: 14

rFire   + + +      SeeInvis .   m - staff of fire
rCold   . . .      Faith    .   (no shield)
rNeg    . . .      Spirit   .   I - +2 robe {rC+}
rPois   ∞          Reflect  .   n - +1 helmet
rElec   .          Harm     .   (no cloak)
rCorr   .          Rampage  .   J - +0 pair of gloves
Will    +....                   (boots unavailable)
Stlth   ++........              q - amulet of the acrobat
HPRegen 0.22/turn               e - ring of wizardry
MPRegen 0.00/turn               (no ring)

@: flying
A: sickness immunity, fire resistance 2, cold vulnerability 1, float, innate
caster, HP casting, extra vitality 1
a: Renounce Religion, Minor Destruction


You were on level 10 of the Dungeon.
You worshipped Makhleb.
Makhleb was pleased with you.
You visited 2 branches of the dungeon, and saw 11 of its levels.
You also visited: Sewer.

You collected 466 gold pieces.
You spent 252 gold pieces at shops.

Inventory:

Armour
 a - the +1 ring mail of Beogh's Hatred {SInv}
   (You bought it in a shop on level 7 of the Dungeon)

   SInv:      It lets you see invisible.
 n - a +1 helmet (worn)
 I - a +2 robe of cold resistance (worn)
 J - a +0 pair of gloves (worn)
Magical Staves
 m - a staff of fire (weapon)
 B - a staff of earth
Jewellery
 e - a ring of wizardry (left hand)
 q - an amulet of the acrobat (around neck)
Wands
 c - a wand of paralysis (6)
 y - a wand of mindburst (17)
 z - a wand of polymorph (8)
 F - a wand of roots (10)
Scrolls
 d - 3 scrolls of identify
 h - 5 scrolls of magic mapping
 l - 3 scrolls of butterflies
 s - a scroll of enchant armour {unknown}
 t - 4 scrolls of teleportation {unknown}
 u - a scroll of enchant weapon {unknown}
 w - 2 scrolls of poison {unknown}
 x - a scroll of silence {unknown}
 A - a scroll of vulnerability {unknown}
 C - a scroll of fear {unknown}
 E - 2 scrolls of noise {unknown}
 G - a scroll of acquirement {unknown}
 H - a scroll of torment {unknown}
 K - a scroll of immolation {unknown}
Potions
 b - 2 potions of berserk rage
 f - a potion of cancellation
 g - 5 potions of heal wounds
 i - a potion of might
 j - 6 potions of curing
 k - 2 potions of haste
 o - 4 potions of attraction
 p - 3 potions of degeneration {unknown}
 r - a potion of lignification {unknown}
 v - 2 potions of mutation
 D - a potion of invisibility


   Skills:
 + Level 6.2 Fighting
 + Level 7.2 Dodging
 - Level 1.5 Stealth
 - Level 10.0 Spellcasting
 - Level 5.2 Invocations
 - Level 5.2 Evocations


You had 2 spell levels left.
You knew the following spells:

 Your Spells              Type           Power      Damage    Failure   Level
a - Foxfire               Conj/Fire      100%       2x1d9     1%          1
b - Scorch                Fire           100%       2d10      1%          2
c - Conjure Flame         Conj/Fire      68%        6-21      1%          3
d - Inner Flame           Hex/Fire       68%        N/A       1%          3
e - Flame Wave            Conj/Fire      68%        2d15      1%          4
f - Slow                  Hex            100%       N/A       1%          1
g - Blink                 Tloc           100%       N/A       1%          2
h - Stone Arrow           Conj/Erth      100%       3d13      1%          3
i - Summon Lightning Spi  Summ/Air       51%        N/A       1%          4
j - Agony                 Necr           51%        N/A       1%          5
Your spell library was empty.

Dungeon Overview and Level Annotations

Branches:
Dungeon (10/15)            Temple (1/1) D:5            Lair (0/5) D:10
    Orc (0/2) D:10          Sewer (visited)

Altars:
Ashenzari
Cheibriados
Dithmenos
Elyvilon
Fedhas
Gozag
Hepliaklqana
Makhleb
Nemelex Xobeh
Okawaru
Qazlal
Ru
Trog
Uskayaw
Wu Jian
Xom
Yredelemnul
Zin
The Shining One

Shops:
D:1 (:*   D:7 [

Annotations:
D:6 3 runed translucent doors, Esekla's ghost, novice MeNe
D:10 Fannar


Innate Abilities, Weirdness & Mutations

You are immune to sickness and miasma.
You are immune to poison.
Your flesh is very heat resistant. (rF++)
You are vulnerable to cold. (rC-)
You float through the air rather than walking.
You learn spells naturally, not from books.
Your magical power is your life essence.
You have superior vitality. (+4 MHP)


Message History

Found a stone staircase leading up.
p - 3 lumpy yellow potions (gained 2)
An electric eel comes into view.
There are monsters nearby!
The electric eel shoots out a bolt of lightning at you!
The bolt of electricity hits you!
Casting: Blink (safe; 1% risk of failure)
Confirm with . or Enter, or press ? or * to list all spells.
You can't see any susceptible monsters within range! (Use Z to cast anyway.) Unknown command.
The electric eel shoots out a bolt of lightning at you!
The bolt of electricity hits you! The bolt of electricity misses you.
Casting: Blink (safe; 1% risk of failure)
Confirm with . or Enter, or press ? or * to list all spells.
Aiming: Stone Arrow (safe; 1% risk of failure)
Press: ? - help, Shift-Dir - straight line, f - electric eel
Aim: an electric eel (63% to hit)
The stone arrow hits the electric eel!
The electric eel is almost dead.
The electric eel shoots out a bolt of lightning at you!
The bolt of electricity hits you! x2
The electric eel shoots out a bolt of lightning at you!
The bolt of electricity hits you!
* * * LOW HITPOINT WARNING * * *
Casting: Stone Arrow (safe; 1% risk of failure)
Confirm with . or Enter, or press ? or * to list all spells.
Aiming: Stone Arrow (safe; 1% risk of failure)
Press: ? - help, Shift-Dir - straight line, f/p - electric eel
Aim: an electric eel (almost dead, 63% to hit)
The stone arrow hits the electric eel!!
You kill the electric eel!
Makhleb accepts your kill.
You feel better.
You hear a splash.
* * * LOW HITPOINT WARNING * * *
The electric eel shoots out a bolt of lightning at you!
The bolt of electricity hits you!
* * * LOW HITPOINT WARNING * * *
The bolt of electricity hits you!
You die...

≈≈≈≈~.#................#....##..#
≈≈≈≈#.#.###.####....######.###..#
≈≈≈## #. ...##.'.........#.# #..#
≈≈≈# #.#.~≈##.#....####.#.# #..#
≈≈≈≈# #.#.~≈≈#y#......[#...# #..#
≈~~~# ..~≈≈~.#.#####.###.###..#
~.... e~~~≈≈~.#.#..............#
~.~≈# S.~≈~≈≈†.~.#.###.###.###.##
~.~≈# ≈≈≈≈~.~@#.#...........#
..~~≈ ≈≈≈≈≈.~.~.#...#########
.... ~≈≈≈≈≈.....##### ~~#
≈≈≈S~.....# .. ≈≈≈≈~.....#
≈≈≈~~.....# ≈~.~......#
#~.#......# .........#


You could see an electric eel.

Vanquished Creatures
  A two-headed ogre (D:10)
  Pikel (D:8)
  2 slime creatures (D:10)
  14 yaks
  2 wyverns
  A steam dragon (D:8)
  An acid dragon (D:10)
  Duvessa (D:5)
  A water moccasin (D:6)
  A black bear (D:6)
  2 orc warriors
  A sky beast (D:7)
  4 ice beasts
  An ogre (D:5)
  3 centaurs (D:6)
  3 kobold brigands
  3 bullfrogs
  2 scorpions (D:5)
  A gnoll sergeant (D:7)
  3 wights (D:9)
  Dowan (D:5)
  15 killer bees
  A howler monkey (D:5)
  6 electric eels (D:10)
  3 hounds
  A jelly (D:4)
  9 orc priests
  2 gnoll boudas
  3 iguanas (D:5)
  5 orc wizards
  11 gnolls
  6 adders
  2 shadow imps (D:7)
  3 white imps
  An ufetubus (D:6)
  4 worms
  3 dart slugs
  26 orcs
  21 ball pythons
  5 bats
  9 endoplasms
  2 giant cockroaches
  5 goblins
  5 hobgoblins
  2 jackals (D:1)
  4 quokkas
  5 frilled lizards
  24 kobolds
  8 rats
240 creatures vanquished.

Vanquished Creatures (collateral kills)
  An orc priest (D:8)
  3 orcs (D:8)
4 creatures vanquished.

Vanquished Creatures (others)
  An orc wizard (D:9)
  71 foxfires
  2 plants (Sewer)
74 creatures vanquished.

Grand Total: 318 creatures vanquished

Notes
Turn   | Place    | Note
-------+----------+-------------------------------------------
     0 | D:1      | Pemander008 the Djinni Fire Elementalist began the quest
                  | for the Orb.
     0 | D:1      | Pemander008 set off with the following spells memorised:
                  | Foxfire, Scorch, Conjure Flame, Inner Flame, Flame Wave.
     0 | D:1      | Reached XP level 1. HP: 15/15 MP: 0/0
   432 | D:1      | Reached XP level 2. HP: 20/21 MP: 0/0
   453 | D:1      | Found Juffidd's Antique Weapon Shop.
   584 | D:1      | Reached skill level 3 in Spellcasting
   814 | D:1      | Reached XP level 3. HP: 18/25 MP: 0/0
   814 | D:1      | Learned a level 1 spell: Slow
  1148 | D:1      | Found Iruhestro's Book Emporium.
  1199 | D:1      | Found Sogyupt's Jewellery Boutique.
  1322 | D:1      | Found Defujoc's Assorted Antiques.
  1340 | D:1      | Bought a scroll labelled TACHEE QAACIFEAMU for 19 gold
                  | pieces
  1340 | D:1      | Bought an inky potion for 17 gold pieces
  1470 | D:1      | Found a faded altar of an unknown god.
  1765 | D:2      | Reached XP level 4. HP: 26/31 MP: 0/0
  2788 | D:3      | Reached skill level 4 in Spellcasting
  3051 | D:3      | Found a shimmering altar of Xom.
  3051 | D:3      | Found a burning altar of Makhleb.
  3760 | D:4      | Reached XP level 5. HP: 34/36 MP: 0/0
  3760 | D:4      | Learned a level 2 spell: Blink
  4032 | D:4      | Reached skill level 1 in Fighting
  4494 | D:4      | Reached XP level 6. HP: 37/43 MP: 0/0
  4868 | D:4      | Identified the +7 dagger of Beaseu {vorpal, Int+3}
  5215 | D:5      | Entered Level 5 of the Dungeon
  5280 | D:5      | Noticed an ice beast
  5479 | D:5      | Killed an ice beast
  5559 | D:5      | Found a glowing drain.
  5567 | D:5      | Noticed an ogre
  5574 | D:5      | Killed an ogre
  5575 | D:5      | Reached XP level 7. HP: 31/51 MP: 0/0
  5575 | D:5      | Learned a level 3 spell: Stone Arrow
  5626 | Sewer    | Entered a sewer
  5851 | Sewer    | Reached skill level 5 in Dodging
  6324 | D:5      | Found a staircase to the Ecumenical Temple.
  6977 | D:5      | Reached XP level 8. HP: 49/58 MP: 0/0
  7084 | D:5      | You are sucked into a shaft and drop 3 floors!
  7109 | D:8      | Noticed a wyvern
  7115 | D:8      | Killed a wyvern
  7116 | D:8      | Reached skill level 5 in Fighting
  7289 | D:8      | Noticed Pikel
  7885 | D:7      | Found Gesar's Antique Armour Boutique.
  8371 | D:7      | Found a broken altar of Ashenzari.
  8438 | D:6      | Reached skill level 5 in Spellcasting
  8438 | D:6      | Reached XP level 9. HP: 38/66 MP: 0/0
  8438 | D:6      | Learned a level 4 spell: Summon Lightning Spire
  8620 | Temple   | Entered the Ecumenical Temple
  8847 | D:3      | Became a worshipper of Makhleb the Destroyer
  9144 | D:5      | Noticed Dowan
  9145 | D:5      | Noticed Duvessa
  9149 | D:5      | Killed Duvessa
  9165 | D:5      | Killed Dowan
  9289 | D:5      | Reached skill level 6 in Spellcasting
 10202 | D:6      | Found a runed translucent gate.
 10203 | D:6      | Found a runed translucent gate.
 10204 | D:6      | Found a runed translucent gate.
 10205 | D:6      | Noticed Esekla's ghost (novice MeNe)
 10479 | D:7      | Reached skill level 7 in Spellcasting
 10735 | D:7      | Found a shadowy altar of Dithmenos.
 10937 | D:8      | Killed Pikel
 10938 | D:8      | Reached XP level 10. HP: 54/72 MP: 0/0
 11035 | D:8      | Reached skill level 8 in Spellcasting
 11223 | D:8      | Reached * piety under Makhleb
 11700 | D:7      | Bought a dazzling ring mail for 216 gold pieces
 11700 | D:7      | Identified the +1 ring mail of Beogh's Hatred {SInv} (You
                  | bought it in a shop on level 7 of the Dungeon)
 12070 | D:9      | Reached skill level 9 in Spellcasting
 12603 | D:9      | Reached skill level 10 in Spellcasting
 13171 | D:10     | Entered Level 10 of the Dungeon
 13180 | D:10     | Reached ** piety under Makhleb
 13309 | D:10     | Found a staircase to the Orcish Mines.
 13318 | D:10     | Reached skill level 1 in Invocations
 13318 | D:10     | Reached skill level 1 in Evocations
 13432 | D:10     | Reached XP level 11. HP: 33/76 MP: 0/0
 13432 | D:10     | Learned a level 5 spell: Agony
 13676 | D:10     | Found a staircase to the Lair.
 13726 | D:10     | Noticed Fannar
 14541 | D:10     | Noticed a two-headed ogre
 14547 | D:10     | Killed a two-headed ogre
 14548 | D:10     | Reached skill level 5 in Invocations
 14548 | D:10     | Reached skill level 5 in Evocations
 14997 | D:10     | Killed from afar by an electric eel

Illustrated notes

Levels and vault maps discovered:
D:1:      onia_arrival_handbag, layout_loops_ring, serial_shops,
          nicolae_diamond_shop, shop, shop, nicolae_square_shop,
          chequers_ecumenical_altar_grove, minivault_19
D:2:      layout_basic, minmay_split_cup_small
D:3:      layout_loops_ring, grunt_temple_overflow_champion_of_chaos
D:4:      layout_basic
D:5:      layout_gridville, minmay_temple_entry_crystal_x,
          cheibrodos_sewer_entry_sluice, uniq_duvessa
D:6:      layout_rooms, biasface_ghost_orc_armoury
D:7:      layout_basic, nicolae_ashenzari_panopticon, marbit_many_paths,
          serial_shops, shop
D:8:      layout_loops_ring, uniq_pikel
D:9:      layout_loops_corners
D:10:     layout_basic, enter_trove_1, uniq_fannar
Temple:   regret_index_temple_chain_breaker

Skill      XL: |  1  2  3  4  5  6  7  8  9 10 11 |
---------------+----------------------------------+-----
Spellcasting   | 3 4 5 7 10 | 10.0
Fighting       | 2 3 4 6 |  6.2
Dodging        | 3 4 5 7 |  7.2
Invocations    | 2 5 |  5.2
Evocations     | 2 5 |  5.2
Stealth        | |  1.5

Action                   |  1- 3 |  4- 6 |  7- 9 | 10-12 || total
-------------------------+-------+-------+-------+-------++-------
Melee: Unarmed           |     2 |       |       |       ||     2
       Staff             |       |       |       |     1 ||     1
 Cast: Foxfire           |    36 |     9 |     2 |       ||    47
       Scorch            |    19 |    71 |   133 |    70 ||   293
       Slow              |     5 |    19 |    30 |    19 ||    73
       Inner Flame       |       |     1 |       |       ||     1
       Stone Arrow       |       |       |    12 |    27 ||    39
       Blink             |       |       |     2 |     4 ||     6
       Flame Wave        |       |       |     2 |     9 ||    11
       Conjure Flame     |       |       |       |     1 ||     1
       Summon Lightning  |       |       |       |     1 ||     1
  Use: Scroll            |       |       |    13 |       ||    13
Armor: Robe              |     4 |     4 |     9 |     5 ||    22
Dodge: Dodged            |    16 |    21 |    34 |    59 ||   130
